 Dungeon Crawl Stone Soup version 0.32-a0-913-g739538afd8 (webtiles) character file.

Game seed: 10942726378954486508

2012 Dirtsage the Martial Artist (level 9, 65/65 HPs)
             Began as a Demonspawn Monk on Apr 8, 2024.
             Quit the game on level 6 of the Dungeon.
             The game lasted 00:08:46 (6259 turns).

Dirtsage the Martial Artist (Demonspawn Monk)       Turns: 6259, Time: 00:08:47

Health: 65/65      AC: 13    Str: 16    XL:     9   Next: 2%
Magic:  9/9        EV: 10    Int: 10    God:
Gold:   356        SH:  8    Dex: 16    Spells: 8/8 levels left

rFire   . .          .
                       - Unarmed
rCold   . . .        (no shield)
rNeg    . . .        f - +0 scale mail
rPois   .            p - +0 helmet
rElec   .            s - +0 cloak
rCorr   .            l - +0 pair of gloves
SInv    .            h - +2 pair of boots
Will    .....        k - amulet of guardian spirit Stlth
                     (no ring)
HPRegen 0.30/turn    (no ring)
MPRegen 0.11/turn

%: guardian spirit
@: wreathed by umbra
A: large bone plates 1, condensation shield, demonic touch 2, foul shadow 1
a: no special abilities


You were on level 6 of the Dungeon.
You visited 1 branch of the dungeon, and saw 6 of its levels.
You also visited: Ossuary.

You collected 356 gold pieces.

Inventory:

Missiles
 n - 3 silver javelins (quivered)
Armour
 a - a +0 robe
 c - an orb of light
 f - a +0 scale mail (worn)
 h - a +2 pair of boots (worn)
 l - a +0 pair of gloves (worn)
 p - a +0 helmet (worn)
 s - a +0 cloak (worn)
Magical Staves
 z - a staff of conjuration
Jewellery
 k - an amulet of guardian spirit (around neck)
 I - a ring of ice
Talismans
 e - a beast talisman
Wands
 q - a wand of flame (30)
 v - a wand of mindburst (20)
 x - a wand of polymorph (10)
 J - a wand of charming (9)
Scrolls
 g - a scroll of enchant armour {unknown}
 i - 3 scrolls of identify
 m - a scroll of noise {unknown}
 t - 2 scrolls of teleportation
 u - a scroll of brand weapon {unknown}
 y - a scroll of immolation {unknown}
 B - a scroll of enchant weapon
 F - a scroll of fog {unknown}
Potions
 b - a potion of ambrosia
 d - 4 potions of degeneration {unknown}
 j - 5 potions of curing {unknown}
 o - a potion of berserk rage {unknown}
 r - a potion of lignification
 w - 2 potions of might {unknown}
 A - 4 potions of mutation {unknown}
 C - a potion of enlightenment {unknown}
 D - 2 potions of invisibility {unknown}
 E - a potion of resistance {unknown}
 G - a potion of attraction {unknown}
 H - a potion of magic {unknown}


   Skills:
 + Level 4.2 Fighting
 + Level 2.5 Armour
 + Level 3.9 Dodging
 * Level 10.1 Unarmed Combat


You had 8 spell levels left.
You didn't know any spells.
Your spell library contained the following spells:

 Spells                   Type           Power      Damage    Failure   Level
 Ensorcelled Hibernation  Hex/Ice        0%         N/A       90%         2
 Mercury Vapours          Alch/Air       0%         N/A       90%         2
 Fugue of the Fallen      Necr           0%         N/A       99%         3
 Mephitic Cloud           Conj/Alch/Air  0%         N/A       99%         3
 Passwall                 Erth           0%         N/A       99%         3
 Swiftness                Air            0%         N/A       99%         3
 Anguish                  Hex/Necr       0%         N/A       100%        4
 Freezing Cloud           Conj/Ice/Air   0%         6-21      100%        5


Dungeon Overview and Level Annotations

Branches:
Dungeon (6/15)            Ossuary (visited)
 Temple: D:4-7

Altars:
Ashenzari
Fedhas
Kikubaaqudgha
Okawaru


Innate Abilities, Weirdness & Mutations

You are partially covered in large bone plates. (SH +4)
A meltable shield of frost defends you. (SH +4)
Your touch may inflict irresistible damage on your foes.
You are faintly shadowed, very rarely releasing foul flame when damaged in melee.


Message History

You block the orc wizard's attack.
You hit the orc wizard but do no damage.
The orc wizard is almost dead.
You punch the orc wizard!
You kill the orc wizard!
You closely miss the orc. The orc hits you but does no damage.
You punch the orc!
You kill the orc!
No target in view!
No target in view!
Items here: ( )))) [[[.
An ogre comes into view. It is wielding a +0 giant club.
The ogre shouts!
An adder comes into view.
The adder hisses angrily.
The adder attacks as it pursues you! The adder misses you.
The adder attacks as it pursues you! The adder misses you.
You block the adder's attack.
You miss the adder. Your touch misses the adder. You block the adder's attack.
You barely miss the adder. The adder barely misses you.
You closely miss the adder.
You touch the adder!
Your punch misses the adder.
The adder is almost dead.
The adder barely misses you.
You closely miss the adder.
The adder is almost dead.
The adder barely misses you.
You hit the adder.
You kill the adder!
You punch the ogre!
The ogre is moderately wounded.
The ogre barely misses you.
You barely miss the ogre.
You touch the ogre!
You punch the ogre.
You kill the ogre!
You have reached level 9!
Your experience leads to an increase in your attributes!
Increase (s)trength, (i)ntelligence, or (d)exterity?
You feel stronger. x2; Your demonic ancestry asserts itself...
Your body darkens with foul flame.
Health restored: 65; MP restored: 9 Are you sure you want to abandon this character and quit the game? (Confirm with "yes".)

#.##..........#.#.# #..#
#.##..#..##.#.#.#.##....
#.....#.......#.#.#...
#####.....#.......#.#
##...#### #.....#
#.(.[..# #.....#
#......# ##.##.#
###......# #)#.........
#........# #@#..##.###.
#........# #.#$.. ..
#........# #.#... ##
#......##### #.#.#..
#..........# #.## ##
#......###.# #.#
###....# #.# #.# ###
#....# #.# #.# #..
###### #.# #.# #.#


There were no monsters in sight!

Vanquished Creatures
  The ghost of scrimwish the Conjurer, an amateur HuCj of Kikubaaqudgha (D:4)
  An orc warrior (D:6)
  A black bear (D:6)
  2 ice beasts
  3 ogres
  Blork the orc (D:5)
  A scorpion (D:5)
  A jelly (D:6)
  A bullfrog zombie (Ossuary)
  Crazy Yiuf (D:5)
  2 orc priests (D:4)
  A gnoll bouda (D:5)
  4 iguanas
  2 sleepcaps
  Natasha (thrice) (D:2)
  4 orc wizards
  4 crocodile zombies (Ossuary)
  6 hound zombies (Ossuary)
  8 mummies
  2 howler monkey zombies (Ossuary)
  7 adders
  9 gnolls
  A white imp (D:5)
  2 ufetubi (D:6)
  4 dart slugs
  25 orcs
  3 bats
  7 endoplasms
  5 giant cockroaches
  6 hobgoblins
  3 jackals (D:4)
  3 quokkas
  4 ball pythons
  2 ball python zombies (Ossuary)
  4 frilled lizards
  6 goblins
  A goblin zombie (D:6)
  A hobgoblin zombie (D:6)
  7 kobolds
  3 rats
152 creatures vanquished.

Notes
Turn   | Place    | Note
-------+----------+-------------------------------------------
     0 | D:1      | Dirtsage the Demonspawn Monk began the quest for the Orb.
     0 | D:1      | Reached XP level 1. HP: 18/18 MP: 1/1
   182 | D:1      | Reached skill level 3 in Unarmed Combat
   310 | D:1      | Gained mutation: You are partially covered in large bone
                  | plates. (SH +4) [demonic ancestry]
   310 | D:1      | Reached XP level 2. HP: 24/24 MP: 2/2
   766 | D:1      | Reached XP level 3. HP: 29/29 MP: 3/3
  1216 | D:2      | Identified the +6 spear of Nucuiz {flame, Stlth+}
  1337 | D:2      | Reached skill level 4 in Unarmed Combat
  1369 | D:2      | Noticed Natasha
  1387 | D:2      | Killed Natasha
  1403 | D:2      | Gained mutation: Your touch may inflict minor irresistible
                  | damage on your foes. [demonic ancestry]
  1403 | D:2      | Reached XP level 4. HP: 13/35 MP: 1/4
  1789 | D:2      | Noticed Natasha
  1797 | D:2      | Killed Natasha
  2037 | D:2      | Noticed Natasha
  2048 | D:2      | Killed Natasha
  2049 | D:2      | Reached skill level 5 in Unarmed Combat
  2351 | D:3      | Reached XP level 5. HP: 41/41 MP: 5/5
  2779 | D:3      | Found a broken altar of Ashenzari.
  3167 | D:4      | Reached skill level 6 in Unarmed Combat
  3245 | D:4      | Reached XP level 6. HP: 36/47 MP: 6/6
  3347 | D:4      | Found an iron altar of Okawaru.
  3372 | D:4      | Found a large runed translucent door.
  3372 | D:4      | Found a large runed translucent door.
  3375 | D:4      | Noticed scrimwish's ghost (amateur HuCj)
  3632 | D:4      | Found a blossoming altar of Fedhas.
  3984 | D:4      | Killed scrimwish's ghost
  3985 | D:4      | Reached skill level 7 in Unarmed Combat
  4028 | D:5      | Entered Level 5 of the Dungeon
  4069 | D:5      | Gained mutation: A meltable shield of frost defends you.
                  | (SH +4) [demonic ancestry]
  4069 | D:5      | Reached XP level 7. HP: 35/52 MP: 5/7
  4377 | D:5      | Found an ancient bone altar of Kikubaaqudgha.
  4500 | D:5      | Reached skill level 8 in Unarmed Combat
  4509 | D:5      | Noticed Blork the orc
  4520 | D:5      | Killed Blork the orc
  5071 | D:5      | Found a runed translucent door.
  5072 | D:5      | Noticed Crazy Yiuf
  5078 | D:5      | Killed Crazy Yiuf
  5079 | D:5      | Reached skill level 9 in Unarmed Combat
  5079 | D:5      | Gained mutation: Your touch may inflict irresistible damage
                  | on your foes. [demonic ancestry]
  5079 | D:5      | Reached XP level 8. HP: 45/58 MP: 8/8
  5375 | D:6      | Found a sand-covered staircase.
  5383 | Ossuary  | Entered an ossuary
  5481 | Ossuary  | Reached skill level 1 in Armour
  5979 | D:6      | Reached skill level 10 in Unarmed Combat
  6259 | D:6      | Gained mutation: You are faintly shadowed, very rarely
                  | releasing foul flame when damaged in melee. [demonic
                  | ancestry]
  6259 | D:6      | Reached XP level 9. HP: 65/65 MP: 9/9
  6259 | D:6      | Quit the game

Illustrated notes

Levels and vault maps discovered:
D:1:      dpeg_arrival_renting, layout_basic
D:2:      layout_basic, uniq_natasha
D:3:      layout_basic, general_overflow_altar, hangedman_decor_peaks_small
D:4:      layout_loops_ring, mainiacjoe_overflow_concentric_impassable,
          kennysheep_mini_moat, mainiacjoe_overflow_alcove_1,
          ebering_ghost_disaster_area, chequers_arboretum, serial_bayou_pond_a
D:5:      layout_layer_cave, nicolae_kikubaaqudgha_miasma_corner, serial_rivers,
          chequers_serial_rivers_small_3, chequers_serial_rivers_small_b,
          chequers_serial_rivers_marsh, chequers_serial_rivers_large_b,
          kennysheep_doodads, nicolae_titane, uniq_blork_the_orc,
          uniq_crazy_yiuf_cottage
D:6:      layout_basic, nicolae_ossuary_entry_giza, serial_shops, shop,
          kennysheep_flooded_box

Skill      XL: |  1  2  3  4  5  6  7  8 |
---------------+-------------------------+-----
Unarmed Combat | 3 4 5 6 7 9 10 | 10.1
Dodging        | 3 |  3.9
Armour         | 2 |  2.5
Fighting       | 4 |  4.2

Action                     |  1- 3 |  4- 6 |  7- 9 || total
---------------------------+-------+-------+-------++-------
  Melee: Unarmed           |    87 |   175 |   222 ||   484
         Touch             |       |    31 |    67 ||    98
         Punch             |       |     6 |    14 ||    20
    Use: Scroll            |       |       |     4 ||     4
 Armour: Robe              |    20 |       |       ||    20
         Scale mail        |    50 |    95 |   104 ||   249
  Dodge: Dodged            |    30 |    47 |    60 ||   137
  Block: Other             |       |    25 |    51 ||    76

Table legend: (Time is in decaauts)
 A = Elapsed time spent in this place.
 B = Non-inter-level travel time spent in this place.
 C = Inter-level travel time spent in this place.
 D = Time resting spent in this place.
 E = Time spent auto-exploring this place.
 F = Levels seen in this place.
 G = Mean time per level.
                   A        B        C        D        E       F      G
               +--------+--------+--------+--------+--------+-----+--------+
         Total |   6263 |   6153 |    110 |      0 |   5141 |   7 |  894.7 |
       Dungeon |   5945 |   5835 |    110 |      0 |   4978 |   6 |  990.8 |
       Ossuary |    318 |    318 |      0 |      0 |    162 |   1 |  318.0 |
               +--------+--------+--------+--------+--------+-----+--------+

Top non-repeatable levels by time:
     D:5: 1168 daAuts
     D:1: 1167 daAuts
     D:2: 1151 daAuts
     D:4: 875 daAuts
     D:3: 817 daAuts
     D:6: 765 daAuts
 Ossuary: 318 daAuts
